 Dungeon Crawl Stone Soup version 0.24-a0-115-gd155597 (console) character file.

Game seed: 13487919330100893897

358 Duffy the Chopper (level 6, -2/52 HPs)
             Began as a Naga Gladiator on Feb 16, 2019.
             Slain by an ogre
             ... wielding a +0 giant club
              (20 damage)
             ... on level 3 of the Dungeon.
             The game lasted 00:03:13 (3839 turns).

Duffy the Chopper (Naga Gladiator)                  Turns: 3839, Time: 00:03:14

Health: -2/52      AC:  8    Str: 16    XL:     6   Next: 64%
Magic:  6/6        EV:  3    Int: 11    God:
Gold:   39         SH:  0    Dex: 12    Spells: 5/5 levels left

rFire    . . .     SeeInvis +   a - +0 war axe
rCold    . . .     Gourm    .   (no shield)
rNeg     . . .     Faith    .   s - +0 plate armour
rPois    +         Spirit   .   c - +0 helmet
rElec    .         Reflect  .   (no cloak)
rCorr    .         Harm     .   (no gloves)
MR       .....     Rnd*Tele +   (no barding)
Stlth    ..........             (no amulet)
HPRegen  0.17/turn              v - ring of teleportation (curse)
MPRegen  0.10/turn              (no ring)

@: short of breath, very slow
A: large, see invisible, deformed body, poison resistance, slowness 2, slow
metabolism 1, spit poison 1, AC +2
a: Spit Poison


You were on level 3 of the Dungeon.
You were not hungry.

You visited 1 branch of the dungeon, and saw 3 of its levels.
You also visited: Sewer.

You collected 39 gold pieces.

Inventory:

Hand Weapons
 a - a +0 war axe (weapon)
 n - a +0 blowgun
Missiles
 d - 3 throwing nets (quivered)
Armour
 c - a +0 helmet (worn)
 s - a +0 plate armour (worn)
Jewellery
 v - a cursed ring of teleportation (left hand)
Scrolls
 e - a scroll of enchant weapon {unknown}
 g - a scroll of identify {unknown}
 h - a scroll of magic mapping {unknown}
 j - a scroll of noise {unknown}
 p - 3 scrolls of remove curse {unknown}
 q - a scroll of teleportation {unknown}
 r - a scroll of fear {unknown}
Potions
 b - 3 potions of heal wounds {unknown}
 i - a potion of might {unknown}
 k - a potion of ambrosia {unknown}
 l - 3 potions of agility
 m - a potion of curing {unknown}
 o - 2 potions of berserk rage {unknown}
 t - 2 potions of flight {unknown}
 u - a potion of brilliance {unknown}
Comestibles
 f - 5 rations
 w - a chunk of flesh


   Skills:
 - Level 2.0 Fighting
 + Level 6.9 Axes
 - Level 1.7 Throwing
 + Level 1.4 Armour
 - Level 2.4 Dodging


You had 5 spell levels left.
You didn't know any spells.
Your spell library was empty.

Dungeon Overview and Level Annotations

Branches:
Dungeon (3/15)

Altars:
Ashenzari


Innate Abilities, Weirdness & Mutations

You cannot wear boots.
Your serpentine skin is tough. (AC +2)
You have supernaturally acute eyesight. (SInv)
Armour fits poorly on your strangely shaped body.
Your system is resistant to poisons. (rPois)
You cover ground very slowly.
You have a slow metabolism.
You can spit poison.


Message History

This raw flesh tastes terrible.
An ogre comes into view. It is wielding a +0 giant club.
The ogre shouts!
An ogre is nearby!
You slash the ogre!
The ogre is moderately wounded.
The ogre hits you with a +0 giant club!
Press: ? - help, Shift-Dir - straight line, f - ogre
Aim: an ogre, wielding a +0 giant club (moderately wounded)
The splash of poison hits the ogre.
The ogre is poisoned.
The ogre is moderately wounded.
You feel slightly more hungry. The ogre hits you with a +0 giant club!
You slash the ogre!
The ogre is almost dead.
The ogre hits you with a +0 giant club.
Some of the chunks of flesh in your inventory have rotted away.
You hit the ogre.
The ogre is almost dead.
The ogre hits you with a +0 giant club!!
You die...

#. #..## #...# #.#.#
#.# #.#.# #.# #.#.#
#.# #.#.## #.# #.@..#
###.# ##.#O#.# ....###
##..#.# #.....# #
#.#.#..
#.#.#.###.#####..##.#
#.#..............# ..
.......######.###.#.##
#......# #.# #..#
###.##.# #.# #.#


You could see an ogre.

Vanquished Creatures
  A big kobold (Sewer)
  A bullfrog (D:2)
  Terence (D:2)
  3 river rats
  9 adders
  An ooze (D:2)
  3 worms
  3 dart slugs
  3 leopard geckos
  A ball python (D:3)
  4 giant cockroaches
  7 goblins
  5 hobgoblins
  3 jackals
  7 kobolds
  6 bats
  10 frilled lizards
  11 rats
79 creatures vanquished.

Notes
Turn   | Place    | Note
-------+----------+-------------------------------------------
     0 | D:1      | Duffy the Naga Gladiator began the quest for the Orb.
     0 | D:1      | Reached XP level 1. HP: 19/19 MP: 1/1
   297 | D:1      | Reached XP level 2. HP: 22/26 MP: 2/2
   761 | D:1      | Reached skill level 4 in Axes
   776 | D:1      | Reached XP level 3. HP: 26/32 MP: 3/3
   984 | D:2      | Noticed Terence
  1000 | D:2      | Killed Terence
  1314 | D:2      | Reached XP level 4. HP: 39/39 MP: 4/4
  1340 | D:2      | Reached skill level 5 in Axes
  1841 | D:2      | Noticed a bullfrog
  1849 | D:2      | Killed a bullfrog
  1849 | D:2      | Reached XP level 5. HP: 38/45 MP: 5/5
  1910 | D:2      | Reached skill level 6 in Axes
  2289 | D:2      | Found a shattered altar of Ashenzari.
  2521 | D:2      | Reached XP level 6. HP: 35/52 MP: 6/6
  3124 | D:3      | Found a glowing drain.
  3129 | Sewer    | Entered a sewer
  3308 | Sewer    | Reached skill level 1 in Armour
  3411 | Sewer    | Found a white marble altar of Elyvilon.
  3839 | D:3      | Slain by an ogre

Levels and vault maps discovered:
D:1:      sevenhm_arrival_forest_fort_large_2, layout_rooms
D:2:      layout_basic, overflow_temple_1_default, minmay_fractal_squares_5,
          uniq_terence
D:3:      layout_loops_ring, first_ration, gup_sewer_entry_bowl
Sewer:    sewer_kobolds

Skill      XL: |  1  2  3  4  5  6 |
---------------+-------------------+-----
Axes           | 4 5 6 |  6.9
Armour         | 1 |  1.4
Fighting       | |  2.0
Throwing       | |  1.7
Dodging        | |  2.4

Action                   |  1- 3 |  4- 6 || total
-------------------------+-------+-------++-------
Melee: War axe           |    72 |   193 ||   265
 Abil: Spit Poison       |     3 |     6 ||     9
 Stab: Sleeping          |     1 |       ||     1
  Eat: Chunk             |     1 |     7 ||     8
Armor: Leather armour    |    37 |       ||    37
       Ring mail         |     2 |    57 ||    59
       Plate armour      |       |    59 ||    59
Dodge: Dodged            |    54 |   102 ||   156

Table legend:
 A = Non-vault XP
 B = Vault XP
 C = Vault XP percentage of total XP
 D = Non-vault monster count
 E = Vault monster count
 F = Vault count percentage of total count
                 A         B        C        D         E       F
            +---------+---------+-------+---------+---------+-------
      Total |     304 |     208 |  40.6 |      59 |      20 |  25.3
            +---------+---------+-------+---------+---------+-------
        D:1 |      35 |       0 |   0.0 |      19 |       0 |   0.0
        D:2 |     235 |      52 |  18.1 |      27 |       7 |  20.6
        D:3 |      34 |      21 |  38.2 |      13 |       4 |  23.5
      Sewer |       0 |     135 | 100.0 |       0 |       9 | 100.0
            +---------+---------+-------+---------+---------+-------
